 Dungeon Crawl Stone Soup version 0.25.0 (webtiles) character file.

Game seed: 7237480335549926174

44 Descartes the Caller (level 3, -1/15 HPs)
             Began as a Felid Wanderer on June 12, 2020.
             Was an Initiate of Dithmenos.
             Slain by Natasha (3 damage)
             ... on level 2 of the Dungeon.
             The game lasted 00:09:22 (1882 turns).

Descartes the Caller (Felid Wanderer)               Turns: 1882, Time: 00:09:23

Health: -1/15      AC:  1    Str: 10    XL:     3   Next: 41%
Magic:  1/6        EV: 16    Int: 12    God:    Dithmenos [......]
Gold:   69         SH:  0    Dex: 15    Spells: 0/4 levels left
                                        Lives:  0   Deaths: 0

rFire    . . .     SeeInvis +     - Unarmed
rCold    . . .     Gourm    .   (shield unavailable)
rNeg     . . .     Faith    .   (armour unavailable)
rPois    .         Spirit   .   (helmet unavailable)
rElec    .         Reflect  .   (cloak unavailable)
rCorr    .         Harm     .   (gloves unavailable)
MR       .....                  (boots unavailable)
Stlth    +++.......             (no amulet)
HPRegen  0.05/turn              (no ring)
MPRegen  0.10/turn              (no ring)

@: very slightly contaminated, slowed, slow
A: very small, no armour, no weapons or thrown items, stealth, claws 1, fangs 3,
see invisible, carnivore, speed 1, shaggy fur 1, slow metabolism 1, sharp paws
a: Renounce Religion


You were on level 2 of the Dungeon.
You worshipped Dithmenos.
Dithmenos was noncommittal.
You were completely stuffed.

You visited 1 branch of the dungeon, and saw 2 of its levels.

You collected 69 gold pieces.

Inventory:

Missiles
 a - 28 arrows
 b - 42 stones
Scrolls
 c - 4 scrolls of teleportation
 g - 2 scrolls of identify {unknown}
Potions
 e - a potion of curing {unknown}
 h - a potion of haste
 i - a potion of lignification {unknown}
Comestibles
 d - 3 rations
 f - a chunk of flesh


   Skills:
 + Level 1.3 Fighting
 + Level 1.0 Dodging
 * Level 2.8 Stealth
 * Level 2.0 Unarmed Combat
 + Level 1.4 Spellcasting
 + Level 0.1 Conjurations
   Level 4.0 Summonings
 + Level 0.3 Translocations
   Level 2.1 Evocations


You couldn't memorise any spells.
You knew the following spells:

 Your Spells              Type           Power        Failure   Level  Hunger
a - Magic Dart            Conj           #...         26%         1    ##.....
b - Blink                 Tloc           N/A          36%         2    ###....
c - Freeze                Ice            #...         28%         1    ##.....

Your spell library contained the following spells:

 Spells                   Type           Power        Failure   Level  Hunger
 Call Imp                 Summ           ##......     9%          2    ###....
 Slow                     Hex            #.......     41%         2    ###....
 Conjure Flame            Conj/Fire      #.......     63%         3    ####...
 Mephitic Cloud           Conj/Pois/Air  #.......     65%         3    ####...
 Ozocubu's Armour         Chrm/Ice       #.......     65%         3    ####...


Dungeon Overview and Level Annotations

Branches:
Dungeon (2/15)

Altars:
Ashenzari
Dithmenos

Annotations:
D:2 Natasha


Innate Abilities, Weirdness & Mutations

You cannot wear armour.
You are incapable of wielding weapons or throwing items.
Your paws allow you to move quietly. (Stealth)
You have sharp claws.
You have razor-sharp teeth.
You have supernaturally acute eyesight. (SInv)
You are carnivorous and can eat meat at any time.
You cover ground quickly.
You are covered in fur. (AC +1)
You have a slow metabolism.
Your sharp claws are effective at attacking unaware monsters.


Message History

Natasha mewls in sadness.
Natasha closely misses you.
Casting: Magic Dart (safe; 26% risk of failure)
Confirm with . or Enter, or press ? or * to list all spells.
Aiming: Magic Dart (safe; 26% risk of failure)
Press: ? - help, Shift-Dir - straight line, f/p - Natasha
Aim: Natasha (almost dead)
The magic dart hits Natasha.
Natasha is almost dead.
Natasha claws you.
* * * LOW HITPOINT WARNING * * *
The crimson imp blinks!
Casting: Magic Dart (safe; 26% risk of failure)
Confirm with . or Enter, or press ? or * to list all spells.
You don't have enough magic to cast that spell.
Unknown command.
You closely miss Natasha.
Natasha is almost dead.
Natasha barely misses you. Natasha claws you.
You die...

.....###...#..###### ###
......##.............. ...
..#...##...#..######.# #.#
#.......####..##...#.# #.#
........# #..#......# #.########
#.......# #..5......# #.5..5....
###....## #..#......# #.##......
###....#####.........###.##.#.###
................@h.......#..#...#
.............#.......###....#..§#
#.......######.#....####.####...5
#..##...# #.#....###..#⌠.##+##
..###...# #.##.#.#............
..##....# #.##.....####.......
........######........#...#......
....##......#######.#.'...+..._..
...####..##...........#...# .....


You could see Natasha and a crimson imp (summoned).

Vanquished Creatures
  A worm (D:2)
  A dart slug (D:1)
  A leopard gecko (D:2)
  5 bats (D:1)
  2 giant cockroaches (D:1)
  7 goblins
  6 hobgoblins
  A quokka (D:2)
  A ball python (D:2)
  3 frilled lizards
  2 kobolds (D:1)
  5 rats (D:1)
35 creatures vanquished.

Notes
Turn   | Place    | Note
-------+----------+-------------------------------------------
     0 | D:1      | Descartes the Felid Wanderer began the quest for the Orb.
     0 | D:1      | Descartes set off with the following items: a scroll of
                  | teleportation, a ration; and the following spells available
                  | to memorise: Call Imp, Freeze, Magic Dart, Blink, Slow,
                  | Conjure Flame, Mephitic Cloud, Ozocubu's Armour
     0 | D:1      | Reached XP level 1. HP: 9/9 MP: 3/3
   157 | D:1      | Reached XP level 2. HP: 12/12 MP: 4/4
  1009 | D:1      | Reached skill level 1 in Dodging
  1009 | D:1      | Reached XP level 3. HP: 8/15 MP: 6/6
  1138 | D:1      | Learned a level 1 spell: Magic Dart
  1266 | D:2      | Noticed Natasha
  1461 | D:1      | Learned a level 2 spell: Blink
  1463 | D:1      | Learned a level 1 spell: Freeze
  1471 | D:2      | Found a shadowy altar of Dithmenos.
  1478 | D:2      | Became a worshipper of Dithmenos the Shadowed
  1834 | D:2      | Found a shattered altar of Ashenzari.
  1882 | D:2      | Slain by Natasha

Illustrated notes

Levels and vault maps discovered:
D:1:      lightli_arrival_windingriver, layout_basic, minivault_19
D:2:      layout_loops_ring, nicolae_dithmenos_shadow_blocks,
          kiku_gazebo_pond_becter, evilmike_ruin_ashenzari, first_ration,
          minmay_tetromino_t4, uniq_natasha

Skill      XL: |  1  2  3 |
---------------+----------+-----
Stealth        | 2 |  2.8
Dodging        | 1 |  1.0
Unarmed Combat | 2 |  2.0
Fighting       | |  1.3
Spellcasting   | |  1.4
Conjurations   | |  0.1
Summonings     | |  4.0
Translocations | |  0.3
Evocations     | |  2.1

Action                   || total
-------------------------++-------
Melee: Unarmed           ||   105
       Bite              ||     7
 Cast: Magic Dart        ||    17
 Stab: Sleeping          ||    10
  Eat: Chunk             ||    10
Armor: Skin              ||     8
Dodge: Dodged            ||    76
